 Dungeon Crawl Stone Soup version 0.28-a0-751-gef3a642a4e (webtiles) character file.

Game seed: 5728425677963023592

35 sanka the Chopper (level 3, -4/31 HPs)
             Began as a Palentonga Monk on Oct 30, 2021.
             Succumbed to an adder's poison
             ... on level 2 of the Dungeon.
             The game lasted 00:01:51 (1161 turns).

sanka the Chopper (Palentonga Monk)                 Turns: 1161, Time: 00:01:52

Health: -4/31      AC:  4    Str: 15    XL:     3   Next: 16%
Magic:  3/3        EV: 10    Int: 10    God:
Gold:   49         SH:  0    Dex: 12    Spells: 2/2 levels left

rFire   . . .      SeeInvis +   a - +0 hand axe
rCold   . . .      Faith    .   (no shield)
rNeg    . . .      Spirit   .   b - +0 robe
rPois   .          Reflect  .   (no helmet)
rElec   .          Harm     .   (no cloak)
rCorr   .          Rampage  .   (no gloves)
Will    .....                   (no barding)
Stlth   ++........              (no amulet)
HPRegen 0.10/turn               (no ring)
MPRegen 0.08/turn               (no ring)

@: lethally poisoned (-4 -> -26)
A: large, rugged brown scales 3, see invisible, deformed body, roll 1, armoured
tail
a: Rolling Charge


You were on level 2 of the Dungeon.
You visited 1 branch of the dungeon, and saw 2 of its levels.

You collected 49 gold pieces.


Innate Abilities, Weirdness & Mutations

You are completely covered in rugged brown scales. (AC +3, +7% HP)
You have supernaturally acute eyesight. (SInv)
Armour fits poorly on your strangely shaped body.
You can roll at nearby foes to attack.
You have a long armoured tail.


   Skills:
 - Level 3.0 Fighting
 + Level 4.3 Axes
 - Level 2.4 Dodging
 - Level 1.2 Stealth


You had 2 spell levels left.
You didn't know any spells.
Your spell library contained the following spells:

 Spells                   Type           Power      Damage    Failure   Level
 Pain                     Necr           0%         1d4       36%         1
 Agony                    Necr           0%         N/A       100%        5
 Excruciating Wounds      Necr           0%         N/A       100%        5

Inventory:

Hand Weapons
 a - a +0 hand axe (weapon)
Armour
 b - a +0 robe (worn)
Scrolls
 d - a scroll of fear {unknown}
 e - a scroll of teleportation {unknown}
 g - a scroll of enchant armour {unknown}
 h - a scroll of magic mapping {unknown}
 i - a scroll of acquirement {unknown}
Potions
 c - a potion of curing {unknown}
 f - a potion of attraction {unknown}

Dungeon Overview and Level Annotations

Branches:
Dungeon (2/15)

Altars:

Shops:
D:2

= ........▒..▒▒▒▒▒▒▒▒▒▒
.......▒.▒........>..▒
......▒..▒▒.▒▒▒▒▒▒▒▒'▒▒
▒.!.▒...▒[.▒.........▒
▒...▒....▒▒▒▒.........▒
...▒....)▒............▒
▒.▒..............(....▒
.....▒.S..............▒
▒.JH....▒▒▒▒▒▒▒.▒.▒
......w†)...▒.......▒▒▒
..▒.......(.▒.......▒
▒........▒.▒▒.......▒▒▒
▒▒▒......▒..▒.......▒.▒
▒....▒..▒..........▒.▒
▒....▒....▒▒.▒▒▒.▒▒▒.▒
▒...▒▒.▒. ▒.........▒
▒...<.....▒


You could see an adder, a dart slug and an endoplasm.


Message History

You miss the adder.
The adder is heavily wounded.
You hit the dart slug. You hit the endoplasm but do no damage.
You closely miss the adder.
* * * LOW HITPOINT WARNING * * *
You feel sick. The adder bites you.
* * * LOW HITPOINT WARNING * * *
You are lethally poisoned!
The adder poisons you! The adder barely misses you. The endoplasm freezes you.
You are frozen.
* * * LOW HITPOINT WARNING * * *
The dart slug launches a dart at you. The slug dart hits you.
* * * LOW HITPOINT WARNING * * *
The adder bites you.
* * * LOW HITPOINT WARNING * * *
The adder bites you.
* * * LOW HITPOINT WARNING * * *
You are more poisoned.
The adder poisons you!
You slash the adder!
You kill the adder!
You closely miss the adder. You hit the endoplasm.
You hit the dart slug but do no damage.
You die...

Action                   || total
-------------------------++-------
Melee: Hand axe          ||    49
       Tailslap          ||     7
 Abil: Rolling Charge    ||    13
Armor: Robe              ||    14
Dodge: Dodged            ||    17

Levels and vault maps discovered:
D:1:      wander_arrival_fairy_ring, layout_basic,
          hellmonk_ecumenical_altar_crossroads
D:2:      layout_basic, serial_shops, nicolae_square_shop, minmay_crystal_room,
          hangedman_decor_opposing

Notes
Turn   | Place    | Note
-------+----------+-------------------------------------------
     0 | D:1      | sanka the Palentonga Monk began the quest for the Orb.
     0 | D:1      | Reached XP level 1. HP: 19/19 MP: 1/1
   196 | D:1      | Reached XP level 2. HP: 15/25 MP: 2/2
   501 | D:1      | Found a faded altar of an unknown god.
   868 | D:2      | Reached skill level 4 in Axes
   961 | D:2      | Found Muv Zab's Jewellery Shop.
   991 | D:2      | Reached XP level 3. HP: 31/31 MP: 3/3
  1160 | D:2      | HP: 3/31 [dart slug/slug dart (1)]
  1160 | D:2      | HP: 1/31 [adder (1)]
  1161 | D:2      | Succumbed to an adder's poison

Vanquished Creatures
  2 adders (D:2)
  2 worms (D:2)
  A dart slug (D:1)
  2 bats (D:2)
  A goblin (D:2)
  A hobgoblin (D:1)
  6 kobolds
  A quokka (D:1)
  2 ball pythons
  2 frilled lizards
20 creatures vanquished.
